 Dungeon Crawl Stone Soup version 0.29.1-15-g9cfb28693d (webtiles) character file.

Game seed: 2947400899809020709

5686 QBF the Grappler (level 10, -7/94 HPs)
             Began as a Troll Berserker on Apr 14, 2023.
             Was an Elder of Trog.
             Mangled by a yak (11 damage)
             ... on level 8 of the Dungeon.
             The game lasted 01:06:27 (5943 turns).

QBF the Grappler (Troll Berserker)                  Turns: 5943, Time: 01:06:28

Health: -7/94      AC:  8    Str: 31    XL:     10   Next: 47%
Magic:  9/9        EV: 11    Int:  2    God:    Trog [****..]
Gold:   445        SH:  0    Dex: 12    Spells: 9/9 levels left

rFire   . . .      SeeInvis .     - Unarmed
rCold   . . .      Faith    .   (no shield)
rNeg    . . .      Spirit   .   C - +0 troll leather armour {Pargi}
rPois   +          Reflect  .   c - +2 hat
rElec   .          Harm     .   (no cloak)
rCorr   .          Rampage  .   (gloves unavailable)
Will    .....      Clarity  +   (boots unavailable)
Stlth   +.........              (no amulet)
HPRegen 1.85/turn               y - ring of flight
MPRegen 0.11/turn               (no ring)

@: on berserk cooldown, flying, slowed, very slow
A: large, unfitting armour, claws 3, regeneration 1, shaggy fur 1, tough skin 1,
clarity, poison resistance, strong 1
a: Renounce Religion, Berserk, Trog's Hand, Brothers in Arms


You were on level 8 of the Dungeon.
You worshipped Trog.
Trog was greatly pleased with you.
You visited 2 branches of the dungeon, and saw 9 of its levels.
You also visited: Sewer.

You collected 471 gold pieces.
You spent 26 gold pieces at shops.

Inventory:

Hand Weapons
 a - a +3 dagger
 d - a +4 great sword
 g - a +2 flail
 h - a +3 great sword
 i - a +0 short sword of draining
 p - a +1 flail of holy wrath
 u - a +4 spear of freezing
 z - a +2 flail of protection
 B - a +0 giant club
 E - a +1 scimitar of flaming
 H - a +2 shortbow of flaming
Missiles
 q - 2 boomerangs (quivered)
 v - 4 poisoned darts
 N - a curare-tipped dart
Armour
 c - a +2 hat (worn)
 C - a +0 troll leather armour (worn) {Pargi}
 M - +0 steam dragon scales
Jewellery
 b - a ring of fire
 y - a ring of flight (left claw)
Wands
 e - a wand of polymorph (4)
 r - a wand of charming (9)
 O - a wand of roots (4)
Scrolls
 j - 5 scrolls of teleportation
 n - 2 scrolls of poison
 w - 2 scrolls of magic mapping
 x - a scroll of immolation
 G - a scroll of torment {unknown}
 I - a scroll of noise {unknown}
 L - a scroll of butterflies
Potions
 f - 6 potions of lignification
 k - 3 potions of cancellation
 l - a potion of berserk rage
 m - 2 potions of might
 o - a potion of curing
 s - 2 potions of attraction
 t - a potion of brilliance
 A - a potion of haste
 D - 2 potions of heal wounds
 F - a potion of magic
 J - a potion of invisibility {unknown}
 K - a potion of degeneration {unknown}


   Skills:
 + Level 4.7 Fighting
 + Level 4.0 Long Blades
 - Level 0.5 Maces & Flails
 + Level 5.7 Dodging
 * Level 12.9 Unarmed Combat


You had 9 spell levels left.
You didn't know any spells.
Your spell library contained the following spells:

 Spells                   Type           Power      Damage    Failure   Level
 Sublimation of Blood     Necr           0%         N/A       73%         2
 Petrify                  Tmut/Erth      0%         N/A       100%        4
 Irradiate                Conj/Tmut      0%         3d11      100%        5


Dungeon Overview and Level Annotations

Branches:
Dungeon (8/15)             Temple (1/1) D:6           Sewer (visited)
   Lair: D:8-11

Altars:
Ashenzari
Cheibriados
Dithmenos
Elyvilon
Fedhas
Gozag
Kikubaaqudgha
Nemelex Xobeh
Okawaru
Qazlal
Ru
Trog
Uskayaw
Vehumet
Wu Jian
Xom
Yredelemnul
Zin
The Shining One

Shops:
D:1 *


Innate Abilities, Weirdness & Mutations

You are too large for most types of armour.
You have claws for hands.
Your natural rate of healing is unusually fast.
You are covered in fur. (AC +1)
You have tough skin. (AC +1)
You possess an exceptional clarity of mind.
Your system is resistant to poisons. (rPois)
Your muscles are strong. (Str +4, Int/Dex -1)


Message History

You are exhausted.
You feel yourself slow down.
You see here a yak corpse.
You completely miss the yak. The yak barely misses you.
You claw the yak!
The yak is heavily wounded.
The yak gores you but does no damage.
You scratch the yak but do no damage.
The yak is heavily wounded.
The yak gores you! The yak closely misses you.
You scratch the yak.
The yak is heavily wounded.
The yak gores you! x3
You mangle the yak!!
You kill the yak!
Trog accepts your kill. The yak gores you but does no damage.
The yak closely misses you.
You mangle the yak!!
The yak is heavily wounded.
The yak gores you! x2
You scratch the yak but do no damage.
The yak is heavily wounded.
The yak barely misses you. The yak closely misses you.
You scratch the yak.
The yak is severely wounded.
The yak gores you but does no damage. The yak gores you!
* * * LOW HITPOINT WARNING * * *
The yak gores you.
* * * LOW HITPOINT WARNING * * *
The yak gores you but does no damage. The yak closely misses you.
Things that are here:
a +0 club; a +0 leather armour; an orc corpse The yak attacks as you move away!
The yak gores you!
* * * LOW HITPOINT WARNING * * *
The yak gores you!
* * * LOW HITPOINT WARNING * * *
The yak gores you but does no damage. The yak attacks as you move away!
The yak gores you!
You die...

... ..# ### #... .##
#... ##... ## #....
.##### ##..... ..##
##....... #..###
#........ ##...####
##........ ##.....####
###Y.†......
#....)...####.@Y†.......
#.............)......[..
#...................####
#....#########.....###
..##### ###.### .# ### #


You could see 2 yaks.

Vanquished Creatures
  Erica (D:8)
  A hornet (D:7)
  Prince Ribbit (D:8)
  A shadow (D:7)
  10 yaks (D:8)
  A wyvern (D:8)
  Eustachio (D:6)
  The ghost of shealacz the Firebug, an amateur HOFE (D:5)
  A steam dragon (D:8)
  Menkaure (D:6)
  A water moccasin (D:5)
  An acid dragon (D:8)
  Pargi (Sewer)
  A black bear (D:8)
  2 ice beasts (D:7)
  An ogre (D:6)
  The ghost of duchin the Slasher, an amateur MfGl (D:3)
  2 centaurs
  2 phantoms (D:6)
  3 bullfrogs
  A kobold brigand (D:8)
  A necrophage (D:6)
  3 scorpions (D:5)
  5 wights (D:6)
  2 howler monkeys
  2 orc priests
  5 hounds
  A jelly (D:8)
  2 iguanas (D:5)
  2 orc wizards
  11 adders
  7 gnolls
  A hound simulacrum (D:3)
  A river rat (D:5)
  3 shadow imps (D:5)
  A white imp (D:5)
  2 ufetubi
  3 worms
  An adder simulacrum (D:3)
  2 dart slugs
  16 orcs
  9 endoplasms
  3 giant cockroaches
  7 goblins
  2 hobgoblins (D:4)
  9 kobolds
  4 quokkas
  4 ball pythons
  2 ball python simulacra (D:3)
  6 bats
  4 frilled lizards
  A giant cockroach simulacrum (D:3)
  9 rats
166 creatures vanquished.

Vanquished Creatures (others)
  2 demonic plants (D:5)
  A plant (D:3)
3 creatures vanquished.

Grand Total: 169 creatures vanquished

Notes
Turn   | Place    | Note
-------+----------+-------------------------------------------
     0 | D:1      | QBF the Troll Berserker began the quest for the Orb.
     0 | D:1      | Reached XP level 1. HP: 22/22 MP: 0/0
   355 | D:1      | Found Xaugar's General Store.
   361 | D:1      | Bought a scroll of identify for 26 gold pieces
   469 | D:1      | Reached XP level 2. HP: 29/29 MP: 1/1
   578 | D:1      | Gained mutation: Your system is resistant to poisons.
                  | (rPois) [potion of mutation]
   578 | D:1      | Gained mutation: You possess an exceptional clarity of
                  | mind. [potion of mutation]
   578 | D:1      | Gained mutation: Your muscles are strong. (Str +4, Int/Dex
                  | -1) [potion of mutation]
   668 | D:2      | Found a faded altar of an unknown god.
   722 | D:2      | Reached XP level 3. HP: 36/36 MP: 2/2
   952 | D:2      | Reached skill level 4 in Unarmed Combat
   971 | D:2      | Reached ** piety under Trog
  1122 | D:2      | Reached XP level 4. HP: 20/44 MP: 3/3
  1439 | D:3      | Found a runed translucent gate.
  1439 | D:3      | Found a runed translucent gate.
  1439 | D:3      | Found a runed translucent gate.
  1557 | D:3      | Noticed duchin's ghost (amateur MfGl)
  1595 | D:3      | Killed duchin's ghost
  1596 | D:3      | Reached skill level 5 in Unarmed Combat
  1596 | D:3      | Reached XP level 5. HP: 34/53 MP: 4/4
  1899 | D:3      | Found a blossoming altar of Fedhas.
  1909 | D:3      | Found a stormy altar of Qazlal.
  1991 | D:4      | Found a hide-covered altar of Uskayaw.
  2141 | D:4      | Found an iron altar of Okawaru.
  2286 | D:4      | Reached XP level 6. HP: 56/61 MP: 5/5
  2350 | D:4      | Reached *** piety under Trog
  2436 | D:4      | Reached skill level 6 in Unarmed Combat
  2803 | D:5      | Entered Level 5 of the Dungeon
  2913 | D:5      | Reached XP level 7. HP: 55/67 MP: 6/6
  2972 | D:5      | Found a runed translucent door.
  3011 | D:5      | Noticed shealacz's ghost (amateur HOFE)
  3018 | D:5      | Reached skill level 7 in Unarmed Combat
  3207 | D:5      | Identified the +1 ring mail "Rukamo" {Rampage rN+ Will+
                  | Dex-3}
  3399 | D:5      | Reached skill level 8 in Unarmed Combat
  3523 | D:5      | Found a runed translucent door.
  3565 | D:5      | Reached XP level 8. HP: 75/75 MP: 7/7
  3579 | D:5      | Killed shealacz's ghost
  3627 | D:5      | Found an opulent altar of Gozag.
  3856 | D:6      | Found a sparkling altar of Nemelex Xobeh.
  3909 | D:6      | Reached skill level 9 in Unarmed Combat
  3943 | D:6      | Noticed Menkaure
  3948 | D:6      | Killed Menkaure
  4050 | D:6      | Reached **** piety under Trog
  4060 | D:6      | Found a glowing drain.
  4064 | Sewer    | Entered a sewer
  4092 | Sewer    | Noticed Pargi
  4097 | Sewer    | Killed Pargi
  4098 | Sewer    | Reached skill level 10 in Unarmed Combat
  4206 | D:6      | Noticed Eustachio
  4216 | D:6      | Killed Eustachio
  4231 | D:6      | Found an ancient bone altar of Kikubaaqudgha.
  4235 | D:6      | Reached XP level 9. HP: 84/84 MP: 8/8
  4295 | D:6      | Identified a scroll of acquirement
  4295 | D:6      | Acquired a +2 hat
  4491 | D:6      | Found a staircase to the Ecumenical Temple.
  4502 | Temple   | Entered the Ecumenical Temple
  4802 | D:6      | Found a radiant altar of Vehumet.
  4935 | D:7      | Reached skill level 11 in Unarmed Combat
  5206 | D:7      | Paralysed by a hornet for 1 turns
  5211 | D:7      | Reached skill level 1 in Long Blades
  5662 | D:8      | Noticed Prince Ribbit
  5665 | D:8      | Reached skill level 5 in Dodging
  5670 | D:8      | Killed Prince Ribbit
  5719 | D:8      | Noticed Erica
  5794 | D:8      | Reached skill level 12 in Unarmed Combat
  5797 | D:8      | Reached XP level 10. HP: 94/94 MP: 9/9
  5878 | D:8      | Killed Erica
  5942 | D:8      | HP: 4/94 [yak (13)]
  5943 | D:8      | Mangled by a yak

Illustrated notes

Levels and vault maps discovered:
D:1:      psy_arrival_statuary, layout_loops_ring, serial_shops,
          nicolae_shop_hallway_plus
D:2:      minmay_evil_eye, layout_basic, dilly_ecumenical_altar_fadedgnrine,
          kennysheep_generic_room_7
D:3:      layout_basic, grunt_temple_overflow_forces_of_nature,
          gammafunk_ghost_icy
D:4:      layout_gridville, okawaru_gym_becter, lemuel_round_altar,
          kennysheep_cluttered_room
D:5:      layout_basic, marbit_many_paths, ebering_ghost_sewer_f,
          serial_demonic, serial_demonic_d, serial_demonic_d, serial_demonic_c,
          serial_demonic_g
D:6:      layout_basic, old_standard_altar, nicolae_overflow_crystal_walls,
          mainiacjoe_overflow_concentric_impassable,
          minmay_temple_entry_poolview, gup_sewer_entry_bowl, uniq_eustachio,
          uniq_menkaure
D:7:      layout_cave_pods, minmay_misc_feat_rows, minmay_misc_feat_nine_boxes
D:8:      minmay_four_partial_circles, layout_layer_cave, uniq_maggie,
          uniq_erica, uniq_prince_ribbit1
Temple:   jpeg_temple_clearing

Skill      XL: |  1  2  3  4  5  6  7  8  9 10 |
---------------+-------------------------------+-----
Unarmed Combat | 4 5 6 8 10 12 | 12.9
Dodging        | 3 4 5 |  5.7
Fighting       | 3 4 |  4.7
Long Blades    | 3 4 |  4.0
Maces & Flails | |  0.5

Action                   |  1- 3 |  4- 6 |  7- 9 | 10-12 || total
-------------------------+-------+-------+-------+-------++-------
Melee: Unarmed           |    74 |   122 |   177 |    39 ||   412
       Flail             |       |    22 |       |       ||    22
       Punch             |       |     3 |     3 |     4 ||    10
       Great sword       |       |       |    33 |       ||    33
Throw: Boomerang         |       |       |     2 |       ||     2
Invok: Berserk           |     2 |     1 |    10 |     2 ||    15
       Trog's Hand       |       |       |     2 |     1 ||     3
  Use: Scroll            |     4 |     3 |    15 |     1 ||    23
       Potion            |     1 |     2 |     1 |       ||     4
Armor: Animal skin       |    27 |    37 |    22 |       ||    86
       Troll leather arm |       |       |    39 |     7 ||    46
Dodge: Dodged            |    37 |    56 |   108 |    12 ||   213
